 Dungeon Crawl Stone Soup version 0.21.1-1-g345015f (webtiles) character file.

1390 letownia2 the Destroyer (level 8, -3/44 HPs)
             Began as a Tengu Wizard on Mar 2, 2018.
             Was a Believer of Sif Muna.
             Shot with an arrow by a centaur (4 damage)
             ... on level 7 of the Dungeon.
             The game lasted 00:19:07 (3223 turns).

letownia2 the Destroyer (Tengu Wizard)              Turns: 3223, Time: 00:19:07

Health: -3/44      AC:  3    Str: 19      XL:     8   Next: 68%
Magic:  0/17       EV: 13    Int: 20      God:    Sif Muna [**....]
Gold:   366        SH:  0    Dex: 10 (12) Spells: 3/18 levels left

rFire    x . .     SeeInvis .   a - +1 mace (crush)
rCold    . . .     Gourm    .   (no shield)
rNeg     . . .     Faith    .   j - +0 robe
rPois    +         Spirit   +   f - +1 hat
rElec    .         Reflect  .   (no cloak)
rCorr    +         Harm     .   (no gloves)
MR       +....                  (boots unavailable)
Stlth    +++.......             m - amulet of guardian spirit
HPRegen  0.14/turn              k - ring of resist corrosion
MPRegen  0.15/turn              x - ring "Feriet" {rPois rF- MR+ Str+10 Stlth+}

@: no status effects
A: beak, talons 3, able to fly 1
a: Fly, Divine Energy, Renounce Religion


You were on level 7 of the Dungeon.
You worshipped Sif Muna.
Sif Muna was pleased with you.
You were hungry.

You visited 2 branches of the dungeon, and saw 9 of its levels.

You collected 366 gold pieces.

Inventory:

Hand Weapons
 a - a +1 mace of crushing (weapon)
 b - a +1 mace of protection
 h - a +0 short sword
 n - a +0 quarterstaff
Armour
 f - a +1 hat (worn)
 j - a +0 robe (worn)
Jewellery
 k - a ring of resist corrosion (left hand)
 m - an amulet of guardian spirit (around neck)
 x - the ring "Feriet" (right hand) {rPois rF- MR+ Str+10 Stlth+}
   (You found it on level 7 of the Dungeon)

   [ring of stealth]

   It affects your strength (+10).
   It makes you vulnerable to fire.
   It protects you from poison.
   It affects your resistance to hostile enchantments.
   It makes you more stealthy.
Wands
 y - a wand of flame (33)
 A - a wand of scattershot (1)
 D - a wand of paralysis (16)
Scrolls
 i - 2 scrolls of enchant armour
 o - a scroll of remove curse
 v - 2 scrolls of teleportation {unknown}
 w - a scroll of random uselessness {unknown}
 B - a scroll of blinking {unknown}
Potions
 e - a potion of invisibility
 g - a potion of might {unknown}
 l - 2 potions of degeneration {unknown}
 r - a potion of mutation {unknown}
 s - a potion of berserk rage
 t - a potion of flight
 u - a potion of resistance
 z - a potion of heal wounds
Books
 c - a book of Minor Magic

   Spells                             Type                      Level
   a - Magic Dart                     Conjuration                  1
   b - Blink                          Translocation                2
   c - Call Imp                       Summoning                    2
   d - Slow                           Hexes                        2
   e - Conjure Flame                  Conjuration/Fire             3
   f - Mephitic Cloud                 Conjuration/Poison/Air       3
 p - a book of Callings

   Spells                             Type                      Level
   a - Summon Small Mammal            Summoning                    1
   b - Call Imp                       Summoning                    2
   c - Call Canine Familiar           Summoning                    3
   d - Summon Guardian Golem          Hexes/Summoning              3
   e - Summon Lightning Spire         Summoning/Air                4
   f - Summon Ice Beast               Ice/Summoning                4
Comestibles
 d - 7 rations


   Skills:
 - Level 1.8 Fighting
 - Level 2.0 Armour
 - Level 3.1 Dodging
 - Level 2.0 Stealth
 + Level 5.9 Spellcasting
 - Level 8.6 Conjurations
 - Level 1.2 Summonings
 - Level 0.7 Translocations
 - Level 2.0 Fire Magic
 - Level 4.7 Air Magic


You had 3 spell levels left.
You knew the following spells:

 Your Spells              Type           Power        Failure   Level  Hunger
a - Magic Dart            Conj           ####         1%          1    None
b - Blink                 Tloc           N/A          12%         2    None
c - Conjure Flame         Conj/Fire      ####....     3%          3    ##.....
e - Mephitic Cloud        Conj/Pois/Air  ###.....     4%          3    ##.....
i - Call Imp              Summ           ##......     10%         2    None
l - Summon Lightning Spi  Summ/Air       ###.....     30%         4    ####...


Dungeon Overview and Level Annotations

Branches:
Dungeon (8/15)             Temple (1/1) D:5
   Lair: D:8-11

Altars:
Ashenzari
Cheibriados
Dithmenos
Elyvilon
Fedhas
Hepliaklqana
Kikubaaqudgha
Nemelex Xobeh
Qazlal
Ru
Sif Muna
Trog
Wu Jian
Yredelemnul
Zin
The Shining One

Annotations:
D:4 Natasha
D:7 Eustachio
D:8 Mirai's ghost, novice DsBe


Innate Abilities, Weirdness & Mutations

You have a beak for a mouth.
You have claws for feet.
You can fly.


Message History

Unknown command.
Evoke which item? (* to show all) (? for menu, Esc to quit)
Aiming: Scattershot
Press: ? - help, Shift-Dir - straight line, f - centaur
Aim: a centaur, wielding a shortbow The burst of metal fragments hits the centaur. x4
The centaur is heavily wounded.
The centaur shoots an arrow.
The arrow hits you!
* * * LOW HITPOINT WARNING * * *
Unknown command.
Unknown command.
Unknown command.
Evoke which item? (* to show all) (? for menu, Esc to quit)
Aiming: Scattershot
Press: ? - help, Shift-Dir - straight line, f/p - centaur
Aim: a centaur, wielding a shortbow (heavily wounded)
The burst of metal fragments hits the centaur. x3
The centaur is almost dead.
The centaur shoots an arrow.
The arrow hits you.
You die...

#.........#####.
..#.##.......##....#
.##.##.##.##.##._..#
. ..##.# .# ##....
###.....o.. ....
####.##.## #(.#
....... .c# ...
#...####ยง####
#.....@....#
#.######.###...#
#.........# ##
..###.....##.#
#........#
#....>#### ........#
#########


You could see a centaur.

Vanquished Creatures
  An ice beast (D:6)
  A sky beast (D:8)
  3 ogres
  A centaur (D:6)
  4 bullfrogs
  2 scorpions (D:6)
  A howler monkey (D:4)
  A bullfrog zombie (D:8)
  An orc wizard (D:5)
  A centaur skeleton (D:8)
  An orc priest (D:6)
  3 hounds
  A jelly (D:7)
  Natasha (D:4)
  An iguana (D:5)
  2 worker ants
  A mummy (D:6)
  A worker ant zombie (D:5)
  A howler monkey skeleton (D:8)
  2 adders
  A shadow imp (D:7)
  2 worms
  A dart slug (D:2)
  A leopard gecko (D:6)
  7 orcs
  4 bats
  A giant cockroach (D:5)
  2 hobgoblins
  6 jackals
  A kobold (D:2)
  5 quokkas
  2 frilled lizards
  A quokka skeleton (D:7)
  3 rats
67 creatures vanquished.

Vanquished Creatures (collateral kills)
  An ice beast (D:7)
  An ogre (D:6)
  A crimson imp (D:6)
  A quasit (D:8)
  A leopard gecko (D:6)
  An orc (D:6)
6 creatures vanquished.

Grand Total: 73 creatures vanquished

Notes
Turn   | Place    | Note
-------+----------+-------------------------------------------
     0 | D:1      | letownia2 the Tengu Wizard began the quest for the Orb.
     0 | D:1      | Reached XP level 1. HP: 10/10 MP: 5/5
    98 | D:1      | Reached skill level 2 in Conjurations
   206 | D:3      | Noticed a black bear
   237 | D:2      | Found a white marble altar of Elyvilon.
   287 | D:2      | Reached XP level 2. HP: 12/15 MP: 0/7
   300 | D:2      | Learned a level 2 spell: Call Imp
   378 | D:4      | Noticed Eustachio
   551 | D:3      | Reached skill level 3 in Conjurations
   867 | D:4      | Noticed Natasha
   873 | D:4      | Killed Natasha
   873 | D:4      | Reached skill level 4 in Conjurations
   873 | D:4      | Reached XP level 3. HP: 8/19 MP: 0/8
   878 | D:4      | Learned a level 3 spell: Mephitic Cloud
   956 | D:4      | Reached skill level 5 in Conjurations
   956 | D:4      | Reached skill level 1 in Air Magic
   956 | D:4      | Reached XP level 4. HP: 16/24 MP: 3/9
   959 | D:4      | Found a bloodstained altar of Trog.
   972 | D:4      | Noticed a centaur
   974 | D:4      | Noticed Natasha
  1079 | D:4      | Learned a level 3 spell: Conjure Flame
  1186 | D:5      | Entered Level 5 of the Dungeon
  1253 | D:5      | Found a sparkling altar of Nemelex Xobeh.
  1328 | D:5      | Found a staircase to the Ecumenical Temple.
  1335 | Temple   | Entered the Ecumenical Temple
  1392 | Temple   | Became a worshipper of Sif Muna the Loreminder
  1461 | D:5      | Reached skill level 1 in Armour
  1461 | D:5      | Reached skill level 1 in Fire Magic
  1461 | D:5      | Gained mutation: You can fly. [Tengu growth]
  1461 | D:5      | Reached XP level 5. HP: 6/28 MP: 0/10
  1520 | D:5      | Found a shattered altar of Ashenzari.
  1525 | D:5      | Reached skill level 1 in Fighting
  1700 | D:5      | Noticed an ogre
  1736 | D:5      | Killed an ogre
  1736 | D:5      | Reached XP level 6. HP: 28/35 MP: 1/11
  1740 | D:5      | Learned a level 2 spell: Blink
  2013 | D:6      | Found a snail-covered altar of Cheibriados.
  2300 | D:5      | Reached XP level 7. HP: 26/39 MP: 3/14
  2447 | D:6      | Reached * piety under Sif Muna
  2458 | D:6      | Found a sacrificial altar of Ru.
  2536 | D:7      | Reached skill level 6 in Conjurations
  2541 | D:7      | Got a scorched lead ring
  2544 | D:7      | Identified the ring "Feriet" {rPois rF- MR+ Str+10 Stlth+} (You found it on level 7 of the Dungeon)
  2588 | D:7      | Found an ancient bone altar of Kikubaaqudgha.
  2713 | D:6      | Reached skill level 7 in Conjurations
  2713 | D:6      | Reached XP level 8. HP: 31/44 MP: 8/16
  2719 | D:6      | Learned a level 4 spell: Summon Lightning Spire
  2873 | D:6      | Reached skill level 8 in Conjurations
  2921 | D:6      | Reached ** piety under Sif Muna
  2960 | D:7      | Reached skill level 5 in Spellcasting
  3017 | D:8      | Found a basalt altar of Yredelemnul.
  3019 | D:8      | Noticed a profane servitor
  3026 | D:8      | Found a glowing golden altar of the Shining One.
  3028 | D:8      | Noticed an angel
  3032 | D:8      | Noticed Mirai's ghost (novice DsBe)
  3205 | D:7      | Found a shattered altar of Ashenzari.
  3222 | D:7      | HP: 1/44 [centaur/arrow (5)]
  3223 | D:7      | Shot with an arrow by a centaur

Skill      XL: |  1  2  3  4  5  6  7  8 |
---------------+-------------------------+-----
Conjurations   | 2 4 5 7 8 |  8.6
Air Magic      | 1 4 |  4.7
Armour         | 1 2 |  2.0
Fire Magic     | 1 2 |  2.0
Fighting       | 1 |  1.8
Dodging        | 3 |  3.1
Spellcasting   | 4 5 |  5.9
Stealth        | |  2.0
Summonings     | |  1.2
Translocations | |  0.7

Action                   |  1- 3 |  4- 6 |  7- 9 || total
-------------------------+-------+-------+-------++-------
Melee: Short sword       |     9 |       |       ||     9
       Mace              |     2 |    34 |    71 ||   107
       Peck              |     2 |     4 |     9 ||    15
       Kick              |     1 |     6 |    11 ||    18
 Cast: Magic Dart        |    38 |    49 |    30 ||   117
       Mephitic Cloud    |       |    11 |    12 ||    23
       Conjure Flame     |       |     1 |     4 ||     5
       Blink             |       |     2 |       ||     2
       Summon Lightning  |       |       |     5 ||     5
       Call Imp          |       |       |     2 ||     2
 Abil: Fly               |       |     1 |       ||     1
Evoke: Wand              |       |       |     2 ||     2
  Use: Scroll            |       |     3 |     3 ||     6
       Potion            |       |     2 |       ||     2
 Stab: Sleeping          |     1 |       |     1 ||     2
       Confused          |       |     1 |     4 ||     5
  Eat: Chunk             |       |     5 |     5 ||    10
Armor: Robe              |     6 |    11 |    22 ||    39
Dodge: Dodged            |    16 |    59 |    61 ||   136
